AoeStats
← Chicle

MegaRandom

510011353Analyzed
3v3 RM · 3d ago on Sep 29, 2026· 37m 5s· 6 players
Game mode
Random Map
Map size
Normal (6 player)
Population
200
Speed
Normal
Resources
Standard
Victory
Conquest
Starting age
Dark Age
Ending age
Imperial Age
RankedLock teamsTeams togetherTeam positionsShared explorationLock speedFull tech treeHidden civsTurbo modeCheats
Victory
Defeat
🇺🇸 Saxons · United States
1167
+13
🇭🇰 Mongols · Hong Kong SAR China
1154
+13
🇨🇳 Huns · China
1135
+14
🇺🇾 Britons · Uruguay
1187
-17
🇺🇾 Persians · Uruguay
1080
-13
🇺🇾 Maya · Uruguay
1018
-10
事后诸葛亮
0:29 Loom
11:23 Feudal Age
15:43 Castle Age
13:42 Double-Bit Axe
15:14 Horse Collar
16:17 Wheelbarrow
23:26 Gold Mining
23:46 Heavy Plow
24:51 Bow Saw
25:26 Gold Shaft Mining
25:58 Hand Cart
30:28 Imperial Age
28:41 Scale Barding Armor
28:46 Forging
28:56 Marauders
29:09 Husbandry
29:20 Bloodlines
29:52 Chain Barding Armor
30:48 Iron Casting
31:42 Conscription
30:43 Elite Tarkan
33:01 Plate Barding Armor
33:55 Blast Furnace
oogaboogawherdayat
0:33 Loom
11:08 Feudal Age
11:30 Horse Collar
11:38 Double-Bit Axe
11:22 Man-at-Arms
17:00 Castle Age
16:26 Stone Mining
16:30 Gold Mining
17:59 Bow Saw
23:50 Clerical Recruitment
26:55 Wheelbarrow
26:06 Loom
26:21 Town Watch
27:30 Gold Shaft Mining
31:12 Imperial Age
29:27 Sanctity
30:04 Ballistics
29:44 Fletching
29:55 Scale Mail Armor
30:05 Forging
31:26 Bodkin Arrow
31:33 Padded Archer Armor
31:51 Chain Mail Armor
32:36 Masonry
33:27 Chemistry
33:09 Bracer
33:38 Block Printing
34:13 Conscription
35:42 Plate Mail Armor
35:47 Iron Casting
36:20 Illumination
35:39 Shield Wall
37:32 Two-Man Saw
36:50 Squires
36:36 Gambesons
kaaaboooom
9:56 Feudal Age
13:55 Castle Age
12:16 Double-Bit Axe
13:27 Horse Collar
16:54 Bow Saw
22:58 Wheelbarrow
22:11 Loom
23:58 Fletching
24:48 Gold Mining
26:21 Husbandry
26:41 Bodkin Arrow
27:38 Hand Cart
28:24 Bloodlines
29:53 Padded Archer Armor
30:17 Ballistics
33:22 Imperial Age
30:40 Town Watch
32:47 Leather Archer Armor
35:14 Chemistry
34:15 Bracer
34:40 Conscription
34:29 Elite Mangudai
36:30 Drill
36:37 Light Cavalry
MUERTOMAGICO_GG
0:37 Loom
10:34 Feudal Age
11:04 Double-Bit Axe
15:05 Horse Collar
16:37 Town Watch
19:41 Castle Age
18:43 Gold Mining
20:32 Bow Saw
20:30 Crossbowman
21:05 Fletching
22:47 Wheelbarrow
22:40 Town Patrol
22:57 Padded Archer Armor
27:01 Heavy Plow
28:00 Leather Archer Armor
29:24 Bodkin Arrow
30:53 Hand Cart
32:22 Forging
32:24 Thumb Ring
38:00 Imperial Age
35:06 Pikeman
sufran_
4:59 Loom
10:14 Feudal Age
16:27 Castle Age
14:58 Double-Bit Axe
21:51 Horse Collar
23:05 Gold Mining
25:35 Heavy Plow
26:41 Bloodlines
26:31 Husbandry
29:33 Gold Shaft Mining
28:48 Stone Mining
30:20 Wheelbarrow
34:12 Imperial Age
31:59 Hand Cart
31:59 Fletching
32:15 Scale Barding Armor
32:44 Forging
32:53 Bodkin Arrow
34:36 Chain Barding Armor
34:00 Cavalier
36:20 Iron Casting
Chicle
0:32 Loom
12:16 Feudal Age
13:03 Double-Bit Axe
15:51 Castle Age
13:50 Gold Mining
14:55 Horse Collar
15:37 Fletching
18:11 Crossbowman
19:43 Bodkin Arrow
23:25 Bow Saw
25:15 Wheelbarrow
27:46 Padded Archer Armor
29:14 Ballistics
34:32 Imperial Age
33:25 Leather Archer Armor
35:25 Bracer
35:57 Ring Archer Armor
34:55 Arbalester
37:12 Chemistry
Connection lost

Rejoining the realm…

Still unreachable

The connection could not be restored.

Session expired

The server has moved on; the page needs a fresh start.